 Dungeon Crawl Stone Soup version 0.21.1-1-g345015f (webtiles) character file.

11670 glosham the Severer (level 11, -1/67 HPs)
             Began as an Octopode Berserker on Apr 7, 2018.
             Was the Champion of Trog.
             Slain by an ice beast (12 damage)
             ... on level 11 of the Dungeon.
             The game lasted 02:05:36 (7108 turns).

glosham the Severer (Octopode Berserker)            Turns: 7108, Time: 02:05:37

Health: -1/67      AC:  1    Str: 19    XL:     11   Next: 81%
Magic:  11/11      EV: 14    Int: 10    God:    Trog [******]
Gold:   20         SH:  0    Dex: 12    Spells: 10/10 levels left

rFire    . . .     SeeInvis .   a - +0 war axe (drain)
rCold    . . .     Gourm    .   (no shield)
rNeg     + . .     Faith    .   (helmet restricted)
rPois    .         Spirit   .   (no amulet)
rElec    .         Reflect  .   A - ring of positive energy
rCorr    .         Harm     .   (no ring)
MR       .....                  (no ring)
Stlth    ++........             (no ring)
HPRegen  0.21/turn              (no ring)
MPRegen  0.12/turn              (no ring)
                                (no ring)
                                (no ring)

@: no status effects
A: almost no armour, stealthy swim, amphibious, 8 rings, constrict 8, camouflage
1, gelatinous body 1
a: Berserk, Trog's Hand, Brothers in Arms, Burn Spellbooks, Renounce Religion


You were on level 11 of the Dungeon.
You worshipped Trog.
Trog was exalted by your worship.
You were not hungry.

You visited 2 branches of the dungeon, and saw 13 of its levels.
You also visited: Ossuary.

You collected 491 gold pieces.
You spent 471 gold pieces at shops.

Inventory:

Hand Weapons
 a - a +0 war axe of draining (weapon)
 b - a +1 halberd of venom
 c - a +0 blowgun
Missiles
 o - 29 poisoned needles
 v - an exploding tomahawk (quivered)
 y - 4 curare-tipped needles
Armour
 C - the +2 buckler "Luryude" {rC+ Str+4}
   (You bought it in a shop on level 9 of the Dungeon)

   It affects your strength (+4).
   It protects you from cold.
Jewellery
 A - a ring of positive energy (left tentacle)
Wands
 e - a wand of flame (39)
 q - a wand of polymorph (9)
Scrolls
 g - 5 scrolls of identify
 k - 2 scrolls of fear
 n - a scroll of blinking
 s - 6 scrolls of teleportation
 u - 3 scrolls of magic mapping
 x - a scroll of remove curse
Potions
 d - 10 potions of curing
 h - 4 potions of magic
 i - 3 potions of lignification
 j - 2 potions of invisibility
 m - a potion of might
 p - 2 potions of flight
 r - a potion of haste
 t - a potion of agility
Books
 f - a book of Callings

   Spells                             Type                      Level
   a - Summon Small Mammal            Summoning                    1
   b - Call Imp                       Summoning                    2
   c - Call Canine Familiar           Summoning                    3
   d - Summon Guardian Golem          Hexes/Summoning              3
   e - Summon Lightning Spire         Summoning/Air                4
   f - Summon Ice Beast               Ice/Summoning                4
   Trog disapproves of the use of such an item.
Comestibles
 l - 27 rations
 z - 20 chunks of flesh


   Skills:
 - Level 3.0 Fighting
 * Level 17.3 Axes
 - Level 3.0 Dodging


You had 10 spell levels left.
You didn't know any spells.

Dungeon Overview and Level Annotations

Branches:
Dungeon (11/15)            Temple (0/1) D:5            Lair (0/6) D:11
    Orc (2/2) D:10
    Elf: Orc:2

Altars:
Ashenzari
Cheibriados
Fedhas
Hepliaklqana
Kikubaaqudgha
Okawaru
Ru
Trog
Wu Jian
Xom
Zin

Shops:
D:6 ?   D:9 [[[

Annotations:
D:11 exclusion: hydra, tidbits's ghost, journeyman GnEn


Innate Abilities, Weirdness & Mutations

You cannot wear most types of armour.
You are very stealthy in the water. (Stealth+)
You are amphibious.
You can wear up to eight rings at the same time.
You can use your tentacles to constrict eight enemies at once.
Your skin changes colour to match your surroundings (Stealth+).
Your rubbery body absorbs attacks. (AC +1, EV +1)


Message History

You constrict the orc wizard. The orc wizard completely misses you.
You slash the orc wizard!
You kill the orc wizard!
Trog accepts your kill.
Trog appreciates your killing of a magic user.
Things that are here:
a dagger; a robe You feel yourself speed up.
An orc comes into view. It is wielding a dagger.
An orc comes into view. It is wielding a flail.
The orc shouts!
You hear a shout!
Found a stone staircase leading down.
You slash the orc!
You kill the orc!
Trog accepts your kill.
An orc comes into view. It is wielding a mace.
Things that are here:
a dagger; an orc corpse You butcher the orc corpse.
Things that are here:
a dagger; 2 chunks of flesh; an orc skeleton
z - 20 chunks of flesh (gained 2)
You slash the orc!
You kill the orc!
Trog accepts your kill.
You recover from your berserk rage.
You see here a mace.
Found a stone staircase leading up.
The orc shouts!
You hit the ice beast.
You squeeze the ice beast, but do no damage.
The ice beast is lightly wounded.
The ice beast hits you. The ice beast freezes you!
* * * LOW HITPOINT WARNING * * *
You hit the ice beast.
The ice beast is moderately wounded.
The ice beast hits you.
* * * LOW HITPOINT WARNING * * *
The ice beast freezes you!
You die...

## #.## .... # ###
...<....# # ........#
# .........# ###
..##......# ..### ..
#...o..# #...### ##.#
#......# ##....###
#..# #.Y...#
....#...###.# ##@....#
.....##.....###).....#
.....###...#..)....>.#
......####...........#
).....# #............#
......#
#..............
.....##
#...............
.....#
#...............
.....# #..............


You could see an ice beast and an orc.

Vanquished Creatures
  2 two-headed ogres (D:11)
  Pikel (D:6)
  A gargoyle (D:10)
  The ghost of glosham the Cleaver, a novice OpBe of Trog (D:6)
  2 trolls
  2 hippogriffs
  Sigmund (D:3)
  8 yaks
  Grum (D:11)
  A human (D:9)
  4 hogs (D:9)
  2 hungry ghosts
  A warg (D:11)
  Menkaure (D:4)
  A porcupine (D:10)
  Duvessa (D:6)
  5 orc warriors
  A black bear (D:8)
  5 sky beasts
  A hornet zombie (D:10)
  2 phantoms
  2 necrophages
  4 slaves (D:6)
  5 ogres
  A wolf (D:11)
  3 centaurs
  3 bullfrogs
  A big kobold (D:10)
  A gnoll sergeant (D:10)
  Dowan (D:6)
  3 water moccasin zombies (Ossuary)
  4 scorpions
  4 killer bees (D:10)
  4 wights (D:9)
  7 howler monkeys
  2 bullfrog zombies
  4 hounds
  2 quasits (D:9)
  Crazy Yiuf (D:3)
  6 crimson imps
  4 orc priests
  A centaur zombie (D:10)
  3 centaur skeletons
  A jelly (D:11)
  4 bullfrog skeletons
  4 iguanas
  8 orc wizards
  12 worker ants
  A killer bee zombie (D:8)
  A big kobold zombie (Ossuary)
  A hound skeleton (D:7)
  2 mummies (Ossuary)
  2 worker ant zombies
  11 gnolls
  12 adders
  A shadow imp (D:6)
  4 adder zombies (Ossuary)
  An adder skeleton (D:5)
  3 worms
  A dart slug (D:1)
  A leopard gecko (D:2)
  39 orcs
  8 bats
  5 giant cockroaches
  4 goblins
  6 hobgoblins
  6 jackals
  11 kobolds
  4 quokkas
  7 frilled lizards
  3 gnoll zombies (Ossuary)
  4 hobgoblin zombies (Ossuary)
  A jackal skeleton (D:4)
  4 kobold zombies (Ossuary)
  A leopard gecko skeleton (D:4)
  3 orc zombies (Ossuary)
  3 quokka skeletons
  2 rats
291 creatures vanquished.

Notes
Turn   | Place    | Note
-------+----------+-------------------------------------------
     0 | D:1      | glosham the Octopode Berserker began the quest for the Orb.
     0 | D:1      | Reached XP level 1. HP: 16/16 MP: 1/1
   110 | D:2      | Reached XP level 2. HP: 21/21 MP: 2/2
   274 | D:2      | Reached skill level 4 in Axes
   276 | D:2      | Found an ancient bone altar of Kikubaaqudgha.
   368 | D:3      | Reached XP level 3. HP: 24/26 MP: 3/3
   498 | D:5      | Entered Level 5 of the Dungeon
   514 | D:5      | Reached skill level 5 in Axes
   514 | D:5      | Reached XP level 4. HP: 27/31 MP: 4/4
   540 | D:5      | Reached ** piety under Trog
   580 | D:5      | Reached XP level 5. HP: 26/36 MP: 5/5
   583 | D:5      | Reached skill level 6 in Axes
   613 | D:5      | Found a sand-covered staircase.
   683 | Ossuary  | Entered an ossuary
   705 | Ossuary  | Reached XP level 6. HP: 16/42 MP: 6/6
  1004 | Ossuary  | Reached skill level 7 in Axes
  1415 | D:4      | Reached XP level 7. HP: 40/46 MP: 7/7
  1425 | D:4      | You fall through a shaft for 3 floors!
  1430 | D:7      | Reached skill level 8 in Axes
  1643 | D:8      | Noticed a hungry ghost
  1669 | D:9      | Found Toucridgh's Armour Shop.
  1681 | D:9      | Found Doxtem's Antique Armour Shop.
  1699 | D:9      | Found a sacrificial altar of Ru.
  1708 | D:10     | Entered Level 10 of the Dungeon
  1708 | D:10     | Found a staircase to the Orcish Mines.
  1719 | D:10     | Reached *** piety under Trog
  1772 | D:10     | Reached skill level 9 in Axes
  1772 | D:10     | Reached XP level 8. HP: 19/52 MP: 8/8
  1820 | D:9      | Found Okeitrodog's Armour Boutique.
  1821 | D:9      | Noticed a yak
  1826 | D:9      | Noticed a yak
  1829 | D:9      | Noticed a yak
  1831 | D:9      | Killed a yak
  1832 | D:9      | Noticed a yak
  1838 | D:9      | Killed a yak
  1838 | D:9      | Reached skill level 10 in Axes
  1838 | D:9      | Killed a yak
  1845 | D:9      | Killed a yak
  1845 | D:9      | HP: 4/78 [scorpion (6)]
  1849 | D:9      | Reached skill level 11 in Axes
  1894 | D:10     | Noticed a gargoyle
  1918 | D:8      | Reached XP level 9. HP: 34/56 MP: 9/9
  1996 | D:6      | Noticed Dowan
  2178 | D:6      | Noticed Duvessa
  2184 | D:6      | Killed Duvessa
  2184 | D:6      | Reached skill level 12 in Axes
  2187 | D:6      | Killed Dowan
  2288 | D:10     | Killed a gargoyle
  2410 | D:9      | Reached skill level 13 in Axes
  2448 | D:10     | Reached **** piety under Trog
  2566 | D:6      | Found Caotosi's Magic Scroll Shop.
  2681 | D:6      | Reached XP level 10. HP: 40/63 MP: 10/10
  2832 | D:6      | Noticed glosham's ghost (novice OpBe)
  2839 | D:6      | Noticed Pikel
  2850 | D:6      | Killed glosham's ghost
  2850 | D:6      | Reached skill level 14 in Axes
  2903 | D:4      | Noticed Menkaure
  2910 | D:4      | Killed Menkaure
  3201 | D:2      | Found a hazy altar of Hepliaklqana.
  3794 | D:3      | Found a glowing silver altar of Zin.
  3795 | D:3      | Found an iron altar of Okawaru.
  3795 | D:3      | Noticed Sigmund
  3811 | D:3      | Killed Sigmund
  3852 | D:3      | Reached ***** piety under Trog
  3896 | D:3      | Found a runed door.
  3900 | D:3      | Noticed Crazy Yiuf
  3904 | D:3      | Killed Crazy Yiuf
  3977 | D:3      | Found a glowing golden altar of the Shining One.
  3979 | D:3      | Found a shattered altar of Ashenzari.
  3979 | D:3      | Found an ornate altar of the Wu Jian Council.
  3981 | D:3      | Found a shimmering altar of Xom.
  3981 | D:3      | Found a bloodstained altar of Trog.
  3981 | D:3      | Found a shimmering altar of Xom.
  4446 | D:5      | Found a staircase to the Ecumenical Temple.
  4564 | D:5      | Found a blossoming altar of Fedhas.
  4713 | D:6      | Killed Pikel
  4982 | D:8      | Reached skill level 15 in Axes
  5247 | D:9      | Found a shattered altar of Ashenzari.
  5268 | D:9      | Found a snail-covered altar of Cheibriados.
  5447 | D:9      | Reached XP level 11. HP: 67/67 MP: 11/11
  5898 | D:10     | Reached skill level 16 in Axes
  6067 | D:9      | Bought a steaming buckler for 247 gold pieces
  6067 | D:9      | Identified the +2 buckler "Luryude" {rC+ Str+4} (You bought it in a shop on level 9 of the Dungeon)
  6081 | Orc:1    | Entered Level 1 of the Orcish Mines
  6239 | Orc:2    | Entered Level 2 of the Orcish Mines
  6364 | D:6      | Bought a scroll of blinking for 112 gold pieces
  6364 | D:6      | Bought a scroll of fear for 52 gold pieces
  6364 | D:6      | Bought a scroll of identify for 30 gold pieces
  6364 | D:6      | Bought a scroll of identify for 30 gold pieces
  6476 | D:11     | Noticed a seven-headed hydra
  6586 | D:11     | Found a staircase to the Lair.
  6679 | D:11     | Noticed a two-headed ogre
  6693 | D:11     | Killed a two-headed ogre
  6693 | D:11     | Received a gift from Trog
  6735 | D:11     | Noticed Grum
  6824 | D:11     | Killed Grum
  6853 | D:11     | Noticed a two-headed ogre
  6859 | D:11     | Killed a two-headed ogre
  6859 | D:11     | Reached skill level 17 in Axes
  6866 | D:11     | Noticed tidbits's ghost (journeyman GnEn)
  6979 | D:11     | Reached ****** piety under Trog
  7108 | D:11     | Slain by an ice beast

Skill      XL: |  1  2  3  4  5  6  7  8  9 10 11 |
---------------+----------------------------------+-----
Axes           | 4 5 6 7 9 11 13 15 17 | 17.3
Fighting       | |  3.0
Dodging        | |  3.0

Action                   |  1- 3 |  4- 6 |  7- 9 | 10-12 || total
-------------------------+-------+-------+-------+-------++-------
Melee: Hand axe          |    34 |    84 |    37 |     4 ||   159
       Constrict         |    10 |    26 |    28 |    64 ||   128
       Tentacles         |     3 |    20 |    30 |    77 ||   130
       Dagger            |       |     3 |     3 |       ||     6
       War axe           |       |       |   117 |   380 ||   497
 Fire: Blowgun           |       |       |       |     4 ||     4
Throw: Tomahawk          |       |       |       |     1 ||     1
Invok: Berserk           |       |     2 |     9 |    24 ||    35
       Trog's Hand       |       |       |     1 |       ||     1
Evoke: Wand              |       |       |     2 |    10 ||    12
  Use: Scroll            |     4 |     4 |     5 |     9 ||    22
       Potion            |       |     2 |     5 |     2 ||     9
 Stab: Sleeping          |     3 |     1 |     1 |    13 ||    18
       Distracted        |       |       |     1 |     2 ||     3
  Eat: Chunk             |       |     1 |    13 |    37 ||    51
       Ration            |       |     1 |       |       ||     1
Armor: Skin              |     2 |       |    13 |    13 ||    28
Dodge: Dodged            |    18 |    32 |    61 |   151 ||   262

Table legend:
 A = Turns spent in this place as a percentage of turns spent in the entire game.
 B = Non-inter-level travel turns spent in this place as a percentage of non-inter-level travel turns spent in the entire game.
 C = Inter-level travel turns spent in this place as a percentage of turns spent in this place.
 D = Turns resting spent in this place as a percentage of non-inter-level travel turns spent in this place.
 E = Turns spent auto-exploring this place as a percentage of non-inter-level travel turns spent in this place.
 F = Non-inter-level travel turns spent in this place divided by the number of levels of this place that you've seen.
                   A       B       C       D       E      F
               +-------+-------+-------+-------+-------+----------------------
         Total | 100.0 | 100.0 |   8.8 |   9.8 |   0.2 | 462.8
       Dungeon |  87.4 |  86.1 |  10.1 |   1.8 |   0.0 | 507.4
  Orcish Mines |   2.7 |   2.9 |   0.0 |   0.0 |   7.9 |  94.5
       Ossuary |  10.0 |  10.9 |   0.0 |  75.2 |   0.0 | 709.0
               +-------+-------+-------+-------+-------+----------------------

Table legend:
 A = Kills in this place as a percentage of kills in entire the game.
 B = Kills by you in this place as a percentage of kills by you in the entire game.
 C = Kills by friends in this place as a percentage of kills by friends in the entire game.
 D = Other kills in this place as a percentage of other kills in the entire game.
 E = Experience gained in this place as a percentage of experience gained in the entire game.
 F = Experience gained in this place divided by the number of levels of this place that you have seen.
                   A       B       C       D       E      F
               +-------+-------+-------+-------+-------+----------------------
         Total | 100.0 | 100.0 |   N/A |   N/A | 100.0 | 1190.9
       Dungeon |  83.6 |  83.6 |   N/A |   N/A |  91.9 | 1393.5
  Orcish Mines |   8.0 |   8.0 |   N/A |   N/A |   6.1 | 508.0
       Ossuary |   8.4 |   8.4 |   N/A |   N/A |   2.0 | 327.0
               +-------+-------+-------+-------+-------+----------------------

Vault maps used:
D:1:      matt_arrival_grand_opening
D:2:      lemuel_round_altar, lemuel_crystal_altar, serial_co_window_serial,
          co_window_paths_a, co_window_corner_a, co_window_corner_a,
          co_window_paths_a, co_window_paths_a, co_window_broadway_c,
          co_window_unsneaky_path_c, co_window_2corner, co_window_4corner_a,
          glass_columns_c, glass_columns_a, glass_columns_b
D:3:      gammafunk_temple_overflow_pools, st_stairs_9, doesnt_xom_only_xom,
          uniq_sigmund, uniq_crazy_yiuf_cottage
D:4:      first_ration, uniq_menkaure
D:5:      fedhas_altar_fruit_tree, minmay_temple_entry_nine_rooms,
          nicolae_ossuary_entry_plus
D:6:      serial_shops, shop, uniq_duvessa, uniq_pikel
D:9:      lemuel_round_altar, basic_altar, serial_shops, shop, shop, shop,
          grunt_livestock, cheibrodos_worm_habitat
D:10:     david_orc_2
D:11:     erik_lair_orcish_takeover, uniq_grum
Orc:1:    nicolae_alphabet_shops, uniq_josephine
Orc:2:    pubby_orc_utopia
Ossuary:  ossuary_tomb_2
